Kings vs Flames

Created - March 24 2011 at 18:00

Goals
1 2 3 T
Kings 2 0 0 2
Flames 2 1 1 4
Shots
1 2 3 T
Kings 6 4 3 13
Flames 18 14 16 48

Period #1

1. Flames , Marco Sturm 23 (Rostislav Olesz, Jack Johnson) at 13:52
2. Kings , Sergei Samsonov 3 (Matt Duchene, Martin Skoula) at 16:29
3. Flames , Jack Johnson 9 (Pierre-Marc Bouchard, Erik Johnson) at 18:18 (PP)
4. Kings , Darroll Powe 18 (Craig Adams, Kent Huskins) at 19:33

Penalties :
Sean Bergenheim (LOS) for Interference (Minor) at 2:47, Rob Schremp (CGY) for Fighting (Major) at 11:36, Sean Bergenheim (LOS) for Fighting (Major) at 11:36, Josh Gorges (CGY) for Fighting (Major) at 11:36, Michael Frolik (LOS) for Fighting (Major) at 11:36, Rostislav Olesz (CGY) for Slashing (Minor) at 11:36, Marco Sturm (CGY) for Roughing (Minor) at 11:36, Matt Duchene (LOS) for Slashing (Minor) at 11:36, Martin Skoula (LOS) for Slashing (Minor) at 11:36, Zach Bogosian (CGY) for Cross-checking (Minor) at 11:36, Bryan Allen (LOS) for Interference (Minor) at 14:53, Martin Skoula (LOS) for High sticking (Minor) at 17:37

Period #2

5. Flames , Marco Sturm 24 (Zach Bogosian) at 12:45

Penalties :
Sean Bergenheim (LOS) for High sticking (Minor) at 1:41, Bryan Allen (LOS) for High sticking (Minor) at 6:12, Rob Schremp (CGY) for Hooking (Minor) at 14:57, Bryan Allen (LOS) for Hooking (Minor) at 16:01, Erik Johnson (CGY) for Hooking (Minor) at 19:48

Period #3

6. Flames , Erik Johnson 15 (Jack Johnson, Pierre-Marc Bouchard) at 5:15 (PP)

Penalties :
Michael Del Zotto (LOS) for Roughing (Minor) at 2:09, Michael Del Zotto (LOS) for Hooking (Minor) at 4:45, Ruslan Fedotenko (LOS) for Tripping (Minor) at 7:05, Bryan Allen (LOS) for Roughing (Minor) at 13:44, Sean Bergenheim (LOS) for Interference (Minor) at 13:49, Craig Adams (LOS) for Delaying the game (Minor) at 15:49

Goalie Stats

Nikolai Khabibulin (LOS), 44 saves from 48 shots - (0.917), L, 18-39-3, 60:00 minutes
Miikka Kiprusoff (CGY), 11 saves from 13 shots - (0.846), W, 28-25-4, 60:00 minutes

Players Stats

Kings
Player Name              G  A  P  +/- PIM S  H  SB FO    MP 
------------------------------------------------------------
Bryan Allen              0  0  0   0  8   0  1  1  0/0   18 
Cory Sarich              0  0  0   0  0   0  2  1  0/0   8  
Craig Adams              0  1  1  -1  2   2  2  1  6/14  20 
Craig Conroy             0  0  0   0  0   0  0  3  5/14  14 
Darroll Powe             1  0  1   0  0   2  0  0  11/16 15 
Ethan Moreau             0  0  0   0  0   0  0  0  0/1   15 
Evgeny Artyukhin         0  0  0   0  0   2  0  1  0/0   10 
Jamie McBain             0  0  0   0  0   0  0  1  0/0   20 
Jay Pandolfo             0  0  0   0  0   0  0  0  0/1   12 
Kent Huskins             0  1  1   0  0   0  1  0  0/0   21 
Martin Skoula            0  1  1   0  4   0  2  0  0/0   21 
Matt Duchene             0  1  1   0  2   3  1  1  14/26 22 
Michael Del Zotto        0  0  0   0  4   1  3  3  0/0   17 
Michael Frolik           0  0  0   0  5   0  0  0  1/3   12 
Mike Lundin              0  0  0   0  0   0  0  0  0/0   12 
Ruslan Fedotenko         0  0  0   0  2   1  2  0  0/2   19 
Sean Bergenheim          0  0  0   0  11  0  0  0  1/1   13 
Sergei Samsonov          1  0  1   1  0   2  0  0  1/8   10 
Flames
Player Name              G  A  P  +/- PIM S  H  SB FO    MP 
------------------------------------------------------------
Alex Steen               0  0  0  -2  0   0  0  0  0/2   15 
Anze Kopitar             0  0  0  -1  0   5  2  0  15/25 18 
Dan Boyle                0  0  0  -2  0   6  0  1  0/0   22 
Erik Johnson             1  1  2   0  2   2  1  0  0/0   21 
Jack Johnson             1  2  3   1  0   4  1  0  0/0   21 
Joffrey Lupul            0  0  0  -1  0   2  3  0  0/1   17 
John Tavares             0  0  0   0  0   1  1  0  15/28 20 
Josh Gorges              0  0  0   1  5   1  0  0  0/0   15 
Keith Tkachuk            0  0  0  -1  0   1  1  0  0/1   6  
Marco Sturm              2  0  2   2  2   6  1  0  0/0   14 
Mark Streit              0  0  0  -1  0   3  0  0  0/0   22 
Mikael Samuelsson        0  0  0   1  0   8  0  0  0/0   19 
Pierre-Marc Bouchard     0  2  2   0  0   1  1  0  1/4   20 
Rob Schremp              0  0  0   1  7   2  0  0  8/10  13 
Rostislav Olesz          0  1  1   2  2   4  2  1  0/2   14 
Ryan Potulny             0  0  0  -1  0   1  0  0  8/13  8  
Sam Gagner               0  0  0  -1  0   1  1  0  0/0   9  
Zach Bogosian            0  1  1   2  2   0  1  0  0/0   17 

3 Stars

1 - Jack Johnson (CGY)
2 - Marco Sturm (CGY)
3 - Sergei Samsonov (LOS)

Power Play

Kings - 0 on 3 Attempt(s) - 0.00%
Flames - 2 on 12 Attempt(s) - 16.67%

Penalty Kill

Kings - 10 on 12 Attempt(s) - 83.33% - Score 0 goal in Penalty Kill
Flames - 3 on 3 Attempt(s) - 100.00% - Score 0 goal in Penalty Kill

Game Notes

General Fight at 11:36 of 1st period
Sean Bergenheim beats up Rob Schremp at 11:36 of 1st period
Josh Gorges beats up Michael Frolik at 11:36 of 1st period

Finance

Level 1 -- Attendance: 5777 (88.88%) -- Ticket Income $433,275.00
Level 2 -- Attendance: 4839 (96.78%) -- Ticket Income $241,950.00
Level 3 -- Attendance: 3379 (96.54%) -- Ticket Income $101,370.00
Level 4 -- Attendance: 2823 (85.83%) -- Ticket Income $50,814.00
Luxury Box -- Attendance: 947 (94.70%) -- Ticket Income $142,050.00
Game was played at the ScotiaBank Saddledome
Total Attendance: 17765 (92.10%)
Total Ticket Income: $1,038,052.00
Other Income: $190,994.70
Total Income: $1,229,047.00


Play by Play

Period #1

0:01 of 1st period - Anze Kopitar wins face-off versus Matt Duchene in neutral zone.
0:03 of 1st period - Dan Boyle is hit by Martin Skoula and loses puck.
0:36 of 1st period - Shot by Michael Frolik.
0:36 of 1st period - Shot Blocked by Dan Boyle.
1:44 of 1st period - John Tavares is hit by Kent Huskins and loses puck.
2:05 of 1st period - Josh Gorges is hit by Craig Adams and loses puck.
2:20 of 1st period - Shot by Marco Sturm.
2:20 of 1st period - Stopped by Nikolai Khabibulin with a rebound.
2:22 of 1st period - Shot by Marco Sturm.
2:22 of 1st period - Shot Misses the Net.
2:24 of 1st period - Shot by Josh Gorges.
2:24 of 1st period - Stopped by Nikolai Khabibulin without a rebound.
2:25 of 1st period - Ryan Potulny wins face-off versus Craig Conroy in Kings zone.
2:32 of 1st period - Shot by Ryan Potulny.
2:32 of 1st period - Stopped by Nikolai Khabibulin without a rebound.
2:33 of 1st period - Michael Frolik wins face-off versus Ryan Potulny in Kings zone.
2:47 of 1st period - Minor Penalty to Sean Bergenheim for Interference.
2:48 of 1st period - John Tavares wins face-off versus Matt Duchene in Kings zone.
2:51 of 1st period - Shot by Jack Johnson.
2:51 of 1st period - Shot Misses the Net.
2:53 of 1st period - Shot by Joffrey Lupul.
2:53 of 1st period - Shot Blocked by Matt Duchene.
3:02 of 1st period - Icing by Pierre-Marc Bouchard.
3:03 of 1st period - Matt Duchene wins face-off versus John Tavares in Flames zone.
3:03 of 1st period - Matt Duchene is hit by Erik Johnson.
3:05 of 1st period - Shot by Jamie McBain.
3:05 of 1st period - Shot Misses the Net.
3:35 of 1st period - Shot by Dan Boyle.
3:35 of 1st period - Shot Misses the Net.
3:37 of 1st period - Shot by Alex Steen.
3:37 of 1st period - Shot Blocked by Michael Del Zotto.
3:39 of 1st period - Shot by Dan Boyle.
3:39 of 1st period - Stopped by Nikolai Khabibulin with a rebound.
3:49 of 1st period - Shot by Mikael Samuelsson.
3:49 of 1st period - Stopped by Nikolai Khabibulin without a rebound.
3:50 of 1st period - Matt Duchene wins face-off versus Anze Kopitar in Kings zone.
3:56 of 1st period - Icing by Mark Streit.
3:57 of 1st period - Anze Kopitar wins face-off versus Jay Pandolfo in Flames zone.
3:57 of 1st period - Anze Kopitar is hit by Matt Duchene.
6:44 of 1st period - Shot by Matt Duchene.
6:44 of 1st period - Stopped by Miikka Kiprusoff without a rebound.
6:45 of 1st period - Matt Duchene wins face-off versus Rostislav Olesz in Flames zone.
6:58 of 1st period - Shot by Marco Sturm.
6:58 of 1st period - Shot Misses the Net.
7:02 of 1st period - Shot by Marco Sturm.
7:02 of 1st period - Deflect By Rob Schremp.
7:02 of 1st period - Stopped by Nikolai Khabibulin without a rebound.
7:03 of 1st period - Anze Kopitar wins face-off versus Craig Adams in Kings zone.
7:10 of 1st period - Shot by Anze Kopitar.
7:10 of 1st period - Stopped by Nikolai Khabibulin without a rebound.
7:11 of 1st period - John Tavares wins face-off versus Sergei Samsonov in Kings zone.
7:50 of 1st period - Icing by Erik Johnson.
7:51 of 1st period - John Tavares wins face-off versus Darroll Powe in Flames zone.
8:03 of 1st period - Icing by Bryan Allen.
8:04 of 1st period - Rob Schremp wins face-off versus Darroll Powe in Kings zone.
8:04 of 1st period - Rob Schremp is hit by Bryan Allen.
9:22 of 1st period - Off-side.
9:23 of 1st period - Anze Kopitar wins face-off versus Sergei Samsonov in neutral zone.
9:25 of 1st period - Alex Steen is hit by Cory Sarich and loses puck.
9:54 of 1st period - Alex Steen is hit by Cory Sarich and loses puck.
10:12 of 1st period - Off-side.
10:13 of 1st period - John Tavares wins face-off versus Darroll Powe in neutral zone.
10:30 of 1st period - Shot by Craig Adams.
10:30 of 1st period - Stopped by Miikka Kiprusoff without a rebound.
10:31 of 1st period - Ryan Potulny wins face-off versus Craig Conroy in Flames zone.
10:52 of 1st period - Shot by Keith Tkachuk.
10:52 of 1st period - Stopped by Nikolai Khabibulin without a rebound.
10:53 of 1st period - John Tavares wins face-off versus Craig Adams in Kings zone.
11:04 of 1st period - Icing by Bryan Allen.
11:05 of 1st period - Darroll Powe wins face-off versus Rob Schremp in Kings zone.
11:05 of 1st period - Kent Huskins is hit by Rostislav Olesz.
11:12 of 1st period - Darroll Powe is hit by Rostislav Olesz and loses puck.
11:36 of 1st period - Sean Bergenheim beats up Rob Schremp.
11:36 of 1st period - Penalty to Rob Schremp for Fighting.
11:36 of 1st period - Penalty to Sean Bergenheim for Fighting.
11:36 of 1st period - Josh Gorges beats up Michael Frolik.
11:36 of 1st period - Penalty to Josh Gorges for Fighting.
11:36 of 1st period - Penalty to Michael Frolik for Fighting.
11:36 of 1st period - Minor Penalty to Rostislav Olesz for Slashing.
11:36 of 1st period - Minor Penalty to Marco Sturm for Roughing.
11:36 of 1st period - Minor Penalty to Matt Duchene for Slashing.
11:36 of 1st period - Minor Penalty to Martin Skoula for Slashing.
11:36 of 1st period - Minor Penalty to Zach Bogosian for Cross-checking.
11:37 of 1st period - Anze Kopitar wins face-off versus Ruslan Fedotenko in Flames zone.
12:26 of 1st period - Icing by Jamie McBain.
12:27 of 1st period - Ryan Potulny wins face-off versus Craig Conroy in Kings zone.
12:55 of 1st period - Icing by Jamie McBain.
12:56 of 1st period - Ryan Potulny wins face-off versus Craig Conroy in Kings zone.
13:52 of 1st period - Shot by Marco Sturm.
13:52 of 1st period - Goal by Marco Sturm - Kings : 0 - Flames : 1.
13:53 of 1st period - Pierre-Marc Bouchard wins face-off versus Matt Duchene in neutral zone.
14:53 of 1st period - Minor Penalty to Bryan Allen for Interference.
14:54 of 1st period - Anze Kopitar wins face-off versus Sergei Samsonov in Kings zone.
15:05 of 1st period - Shot by Anze Kopitar.
15:05 of 1st period - Stopped by Nikolai Khabibulin without a rebound.
15:06 of 1st period - Darroll Powe wins face-off versus Joffrey Lupul in Kings zone.
15:11 of 1st period - Shot by Zach Bogosian.
15:11 of 1st period - Shot Misses the Net.
15:17 of 1st period - Shot by Joffrey Lupul.
15:17 of 1st period - Stopped by Nikolai Khabibulin with a rebound.
15:19 of 1st period - Shot by Mark Streit.
15:19 of 1st period - Shot Blocked by Craig Adams.
15:43 of 1st period - Shot by Zach Bogosian.
15:43 of 1st period - Shot Blocked by Michael Del Zotto.
15:55 of 1st period - Icing by Dan Boyle.
15:56 of 1st period - Ryan Potulny wins face-off versus Sergei Samsonov in Flames zone.
16:07 of 1st period - Icing by Jay Pandolfo.
16:08 of 1st period - Ryan Potulny wins face-off versus Sergei Samsonov in Kings zone.
16:23 of 1st period - Shot by Jay Pandolfo.
16:23 of 1st period - Shot Misses the Net.
16:27 of 1st period - Shot by Matt Duchene.
16:27 of 1st period - Shot Misses the Net.
16:29 of 1st period - Shot by Sergei Samsonov.
16:29 of 1st period - Goal by Sergei Samsonov - Kings : 1 - Flames : 1.
16:30 of 1st period - John Tavares wins face-off versus Craig Conroy in neutral zone.
16:50 of 1st period - Shot by Erik Johnson.
16:50 of 1st period - Stopped by Nikolai Khabibulin without a rebound.
16:51 of 1st period - Anze Kopitar wins face-off versus Craig Adams in Kings zone.
16:56 of 1st period - Shot by Mikael Samuelsson.
16:56 of 1st period - Shot Misses the Net.
17:00 of 1st period - Shot by Marco Sturm.
17:00 of 1st period - Deflect By Rostislav Olesz.
17:00 of 1st period - Stopped by Nikolai Khabibulin without a rebound.
17:01 of 1st period - Craig Conroy wins face-off versus Rostislav Olesz in Kings zone.
17:01 of 1st period - Evgeny Artyukhin is hit by Marco Sturm and loses puck.
17:14 of 1st period - Shot by Rostislav Olesz.
17:14 of 1st period - Shot Blocked by Michael Del Zotto.
17:18 of 1st period - Shot by Marco Sturm.
17:18 of 1st period - Stopped by Nikolai Khabibulin without a rebound.
17:19 of 1st period - Darroll Powe wins face-off versus John Tavares in Kings zone.
17:34 of 1st period - Shot by Mikael Samuelsson.
17:34 of 1st period - Stopped by Nikolai Khabibulin without a rebound.
17:35 of 1st period - Anze Kopitar wins face-off versus Matt Duchene in Kings zone.
17:37 of 1st period - Minor Penalty to Martin Skoula for High sticking.
17:38 of 1st period - Matt Duchene wins face-off versus Alex Steen in Kings zone.
17:44 of 1st period - Icing by Mark Streit.
17:45 of 1st period - Matt Duchene wins face-off versus Anze Kopitar in Flames zone.
17:50 of 1st period - Shot by Sean Bergenheim.
17:50 of 1st period - Shot Misses the Net.
17:56 of 1st period - Shot by Dan Boyle.
17:56 of 1st period - Stopped by Nikolai Khabibulin with a rebound.
17:58 of 1st period - Shot by Alex Steen.
17:58 of 1st period - Shot Blocked by Jamie McBain.
18:00 of 1st period - Shot by Alex Steen.
18:00 of 1st period - Deflect By Mikael Samuelsson.
18:00 of 1st period - Stopped by Nikolai Khabibulin without a rebound.
18:01 of 1st period - Craig Adams wins face-off versus John Tavares in Kings zone.
18:18 of 1st period - Shot by Jack Johnson.
18:18 of 1st period - Goal by Jack Johnson - Kings : 1 - Flames : 2.
18:19 of 1st period - Rob Schremp wins face-off versus Sergei Samsonov in neutral zone.
18:40 of 1st period - Shot by Jay Pandolfo.
18:40 of 1st period - Deflect By Matt Duchene.
18:40 of 1st period - Stopped by Miikka Kiprusoff without a rebound.
18:41 of 1st period - Anze Kopitar wins face-off versus Craig Conroy in Flames zone.
18:51 of 1st period - Icing by Mike Lundin.
18:52 of 1st period - Craig Conroy wins face-off versus John Tavares in Kings zone.
19:15 of 1st period - Shot by Evgeny Artyukhin.
19:15 of 1st period - Deflect By Ruslan Fedotenko.
19:15 of 1st period - Shot Misses the Net.
19:17 of 1st period - Shot by Ruslan Fedotenko.
19:17 of 1st period - Stopped by Miikka Kiprusoff without a rebound.
19:18 of 1st period - Anze Kopitar wins face-off versus Ethan Moreau in Flames zone.
19:29 of 1st period - Shot by Ethan Moreau.
19:29 of 1st period - Shot Misses the Net.
19:33 of 1st period - Shot by Craig Adams.
19:33 of 1st period - Deflect By Darroll Powe.
19:33 of 1st period - Goal by Darroll Powe - Kings : 2 - Flames : 2.
19:34 of 1st period - Rob Schremp wins face-off versus Matt Duchene in neutral zone.

Period #2

0:01 of 2nd period - Anze Kopitar wins face-off versus Matt Duchene in neutral zone.
0:19 of 2nd period - Shot by Anze Kopitar.
0:19 of 2nd period - Stopped by Nikolai Khabibulin without a rebound.
0:20 of 2nd period - Darroll Powe wins face-off versus John Tavares in Kings zone.
1:23 of 2nd period - Matt Duchene is hit by Joffrey Lupul and loses puck.
1:41 of 2nd period - Minor Penalty to Sean Bergenheim for High sticking.
1:42 of 2nd period - Craig Adams wins face-off versus Anze Kopitar in Kings zone.
2:15 of 2nd period - Matt Duchene is hit by Sam Gagner and loses puck.
2:47 of 2nd period - Icing by Erik Johnson.
2:48 of 2nd period - John Tavares wins face-off versus Craig Adams in Flames zone.
2:48 of 2nd period - John Tavares is hit by Craig Adams.
3:24 of 2nd period - Shot by Alex Steen.
3:24 of 2nd period - Shot Misses the Net.
3:26 of 2nd period - Shot by Mikael Samuelsson.
3:26 of 2nd period - Stopped by Nikolai Khabibulin without a rebound.
3:27 of 2nd period - Craig Adams wins face-off versus John Tavares in Kings zone.
3:27 of 2nd period - Craig Adams is hit by Joffrey Lupul.
5:18 of 2nd period - Matt Duchene is hit by Jack Johnson and loses puck.
5:47 of 2nd period - Shot by Mikael Samuelsson.
5:47 of 2nd period - Stopped by Nikolai Khabibulin with a rebound.
6:01 of 2nd period - Shot by Anze Kopitar.
6:01 of 2nd period - Stopped by Nikolai Khabibulin with a rebound.
6:05 of 2nd period - Shot by Sam Gagner.
6:05 of 2nd period - Shot Misses the Net.
6:09 of 2nd period - Shot by Anze Kopitar.
6:09 of 2nd period - Stopped by Nikolai Khabibulin without a rebound.
6:10 of 2nd period - Rob Schremp wins face-off versus Darroll Powe in Kings zone.
6:12 of 2nd period - Minor Penalty to Bryan Allen for High sticking.
6:13 of 2nd period - Craig Adams wins face-off versus Anze Kopitar in Kings zone.
6:42 of 2nd period - Shot by Mark Streit.
6:42 of 2nd period - Shot Misses the Net.
9:23 of 2nd period - Joffrey Lupul is hit by Michael Del Zotto.
9:53 of 2nd period - Shot by Mikael Samuelsson.
9:53 of 2nd period - Stopped by Nikolai Khabibulin with a rebound.
9:57 of 2nd period - Shot by Pierre-Marc Bouchard.
9:57 of 2nd period - Shot Misses the Net.
10:05 of 2nd period - Shot by John Tavares.
10:05 of 2nd period - Shot Blocked by Evgeny Artyukhin.
10:07 of 2nd period - Shot by Erik Johnson.
10:07 of 2nd period - Shot Misses the Net.
10:11 of 2nd period - Shot by Jack Johnson.
10:11 of 2nd period - Shot Misses the Net.
10:13 of 2nd period - Shot by John Tavares.
10:13 of 2nd period - Stopped by Nikolai Khabibulin without a rebound.
10:14 of 2nd period - Ryan Potulny wins face-off versus Matt Duchene in Kings zone.
10:39 of 2nd period - Shot by Sergei Samsonov.
10:39 of 2nd period - Stopped by Miikka Kiprusoff without a rebound.
10:40 of 2nd period - Darroll Powe wins face-off versus John Tavares in Flames zone.
11:00 of 2nd period - Shot by Mikael Samuelsson.
11:00 of 2nd period - Stopped by Nikolai Khabibulin without a rebound.
11:01 of 2nd period - Anze Kopitar wins face-off versus Matt Duchene in Kings zone.
12:08 of 2nd period - Shot by Dan Boyle.
12:08 of 2nd period - Stopped by Nikolai Khabibulin without a rebound.
12:09 of 2nd period - Darroll Powe wins face-off versus John Tavares in Kings zone.
12:09 of 2nd period - Darroll Powe is hit by John Tavares.
12:12 of 2nd period - Icing by Kent Huskins.
12:13 of 2nd period - Darroll Powe wins face-off versus Pierre-Marc Bouchard in Kings zone.
12:24 of 2nd period - Shot by Darroll Powe.
12:24 of 2nd period - Stopped by Miikka Kiprusoff with a rebound.
12:33 of 2nd period - Icing by Kent Huskins.
12:34 of 2nd period - Darroll Powe wins face-off versus Rob Schremp in Kings zone.
12:45 of 2nd period - Shot by Marco Sturm.
12:45 of 2nd period - Goal by Marco Sturm - Kings : 2 - Flames : 3.
12:46 of 2nd period - Craig Conroy wins face-off versus Anze Kopitar in neutral zone.
12:49 of 2nd period - Dan Boyle is hit by Ruslan Fedotenko and loses puck.
13:00 of 2nd period - Shot by Evgeny Artyukhin.
13:00 of 2nd period - Stopped by Miikka Kiprusoff with a rebound.
13:16 of 2nd period - Shot by Ruslan Fedotenko.
13:16 of 2nd period - Deflect By Evgeny Artyukhin.
13:16 of 2nd period - Stopped by Miikka Kiprusoff without a rebound.
13:17 of 2nd period - Darroll Powe wins face-off versus John Tavares in Flames zone.
14:34 of 2nd period - Shot by Rob Schremp.
14:34 of 2nd period - Shot Blocked by Cory Sarich.
14:57 of 2nd period - Minor Penalty to Rob Schremp for Hooking.
14:58 of 2nd period - Anze Kopitar wins face-off versus Ruslan Fedotenko in Flames zone.
15:58 of 2nd period - Shot by Ryan Potulny.
15:58 of 2nd period - Shot Misses the Net.
16:01 of 2nd period - Minor Penalty to Bryan Allen for Hooking.
16:02 of 2nd period - Anze Kopitar wins face-off versus Craig Adams in Kings zone.
17:00 of 2nd period - Shot by Jack Johnson.
17:00 of 2nd period - Shot Misses the Net.
17:02 of 2nd period - Shot by Joffrey Lupul.
17:02 of 2nd period - Shot Blocked by Craig Conroy.
17:04 of 2nd period - Shot by Erik Johnson.
17:04 of 2nd period - Shot Misses the Net.
17:06 of 2nd period - Shot by Erik Johnson.
17:06 of 2nd period - Shot Misses the Net.
17:08 of 2nd period - Shot by Pierre-Marc Bouchard.
17:08 of 2nd period - Shot Misses the Net.
17:10 of 2nd period - Shot by Erik Johnson.
17:10 of 2nd period - Shot Misses the Net.
17:14 of 2nd period - Shot by Joffrey Lupul.
17:14 of 2nd period - Shot Misses the Net.
17:16 of 2nd period - Shot by Jack Johnson.
17:16 of 2nd period - Shot Misses the Net.
17:20 of 2nd period - Shot by Jack Johnson.
17:20 of 2nd period - Shot Blocked by Craig Conroy.
17:22 of 2nd period - Shot by Erik Johnson.
17:22 of 2nd period - Shot Misses the Net.
17:26 of 2nd period - Shot by Joffrey Lupul.
17:26 of 2nd period - Stopped by Nikolai Khabibulin without a rebound.
17:27 of 2nd period - Matt Duchene wins face-off versus Alex Steen in Kings zone.
17:27 of 2nd period - Martin Skoula is hit by Anze Kopitar and loses puck.
17:42 of 2nd period - Shot by Sam Gagner.
17:42 of 2nd period - Stopped by Nikolai Khabibulin without a rebound.
17:43 of 2nd period - Craig Adams wins face-off versus John Tavares in Kings zone.
17:43 of 2nd period - Craig Adams is hit by Zach Bogosian.
17:59 of 2nd period - Icing by John Tavares.
18:00 of 2nd period - John Tavares wins face-off versus Craig Adams in Flames zone.
18:29 of 2nd period - Shot by Rostislav Olesz.
18:29 of 2nd period - Stopped by Nikolai Khabibulin with a rebound.
18:31 of 2nd period - Shot by Rostislav Olesz.
18:31 of 2nd period - Stopped by Nikolai Khabibulin without a rebound.
18:32 of 2nd period - Darroll Powe wins face-off versus Ryan Potulny in Kings zone.
19:23 of 2nd period - Shot by Ruslan Fedotenko.
19:23 of 2nd period - Shot Misses the Net.
19:32 of 2nd period - John Tavares is hit by Michael Del Zotto and loses puck.
19:48 of 2nd period - Minor Penalty to Erik Johnson for Hooking.
19:49 of 2nd period - Anze Kopitar wins face-off versus Matt Duchene in Flames zone.

Period #3

0:01 of 3rd period - Ryan Potulny wins face-off versus Matt Duchene in neutral zone.
1:00 of 3rd period - Shot by Kent Huskins.
1:00 of 3rd period - Shot Misses the Net.
1:47 of 3rd period - Icing by Jamie McBain.
1:48 of 3rd period - John Tavares wins face-off versus Craig Conroy in Kings zone.
2:09 of 3rd period - Minor Penalty to Michael Del Zotto for Roughing.
2:10 of 3rd period - Matt Duchene wins face-off versus Anze Kopitar in Kings zone.
2:25 of 3rd period - Shot by Mark Streit.
2:25 of 3rd period - Stopped by Nikolai Khabibulin without a rebound.
2:26 of 3rd period - John Tavares wins face-off versus Craig Adams in Kings zone.
2:57 of 3rd period - Shot by Erik Johnson.
2:57 of 3rd period - Shot Misses the Net.
4:09 of 3rd period - Icing by John Tavares.
4:10 of 3rd period - Rob Schremp wins face-off versus Craig Conroy in Flames zone.
4:10 of 3rd period - Rob Schremp is hit by Ruslan Fedotenko.
4:19 of 3rd period - Shot by Rostislav Olesz.
4:19 of 3rd period - Shot Misses the Net.
4:45 of 3rd period - Minor Penalty to Michael Del Zotto for Hooking.
4:46 of 3rd period - Matt Duchene wins face-off versus John Tavares in Kings zone.
5:13 of 3rd period - Shot by Jack Johnson.
5:13 of 3rd period - Stopped by Nikolai Khabibulin with a rebound.
5:15 of 3rd period - Shot by Erik Johnson.
5:15 of 3rd period - Goal by Erik Johnson - Kings : 2 - Flames : 4.
5:16 of 3rd period - Darroll Powe wins face-off versus Ryan Potulny in neutral zone.
5:37 of 3rd period - Darroll Powe is hit by Keith Tkachuk and loses puck.
6:46 of 3rd period - Shot by Rostislav Olesz.
6:46 of 3rd period - Stopped by Nikolai Khabibulin with a rebound.
7:05 of 3rd period - Minor Penalty to Ruslan Fedotenko for Tripping.
7:06 of 3rd period - John Tavares wins face-off versus Craig Adams in Kings zone.
7:23 of 3rd period - Shot by Joffrey Lupul.
7:23 of 3rd period - Shot Blocked by Bryan Allen.
7:25 of 3rd period - Shot by Jack Johnson.
7:25 of 3rd period - Stopped by Nikolai Khabibulin without a rebound.
7:26 of 3rd period - Craig Adams wins face-off versus Anze Kopitar in Kings zone.
7:26 of 3rd period - Craig Adams is hit by Anze Kopitar.
7:47 of 3rd period - Shot by Mark Streit.
7:47 of 3rd period - Shot Misses the Net.
7:49 of 3rd period - Shot by Dan Boyle.
7:49 of 3rd period - Stopped by Nikolai Khabibulin with a rebound.
7:51 of 3rd period - Shot by Mark Streit.
7:51 of 3rd period - Stopped by Nikolai Khabibulin with a rebound.
7:53 of 3rd period - Shot by Mark Streit.
7:53 of 3rd period - Stopped by Nikolai Khabibulin without a rebound.
7:54 of 3rd period - John Tavares wins face-off versus Matt Duchene in Kings zone.
7:54 of 3rd period - Joffrey Lupul is hit by Michael Del Zotto and loses puck.
8:07 of 3rd period - Shot by Pierre-Marc Bouchard.
8:07 of 3rd period - Stopped by Nikolai Khabibulin without a rebound.
8:08 of 3rd period - John Tavares wins face-off versus Michael Frolik in Kings zone.
9:01 of 3rd period - Shot by Dan Boyle.
9:01 of 3rd period - Stopped by Nikolai Khabibulin without a rebound.
9:02 of 3rd period - Matt Duchene wins face-off versus Anze Kopitar in Kings zone.
9:08 of 3rd period - Icing by Josh Gorges.
9:09 of 3rd period - Rob Schremp wins face-off versus Craig Conroy in Flames zone.
9:37 of 3rd period - Shot by Rostislav Olesz.
9:37 of 3rd period - Shot Blocked by Craig Conroy.
11:30 of 3rd period - Shot by Craig Adams.
11:30 of 3rd period - Stopped by Miikka Kiprusoff with a rebound.
11:45 of 3rd period - Icing by Cory Sarich.
11:46 of 3rd period - Rob Schremp wins face-off versus Sergei Samsonov in Kings zone.
11:52 of 3rd period - Shot by Marco Sturm.
11:52 of 3rd period - Stopped by Nikolai Khabibulin without a rebound.
11:53 of 3rd period - Craig Conroy wins face-off versus Ryan Potulny in Kings zone.
12:03 of 3rd period - Icing by Josh Gorges.
12:04 of 3rd period - Sergei Samsonov wins face-off versus Ryan Potulny in Flames zone.
12:14 of 3rd period - Icing by Dan Boyle.
12:15 of 3rd period - Craig Conroy wins face-off versus Keith Tkachuk in Flames zone.
13:09 of 3rd period - Shot by Rob Schremp.
13:09 of 3rd period - Stopped by Nikolai Khabibulin with a rebound.
13:44 of 3rd period - Minor Penalty to Bryan Allen for Roughing.
13:45 of 3rd period - Matt Duchene wins face-off versus John Tavares in Kings zone.
13:49 of 3rd period - Minor Penalty to Sean Bergenheim for Interference.
13:50 of 3rd period - Matt Duchene wins face-off versus John Tavares in Kings zone.
13:58 of 3rd period - Off-side.
13:59 of 3rd period - John Tavares wins face-off versus Matt Duchene in neutral zone.
14:55 of 3rd period - Shot by Mikael Samuelsson.
14:55 of 3rd period - Stopped by Nikolai Khabibulin without a rebound.
14:56 of 3rd period - Matt Duchene wins face-off versus Anze Kopitar in Kings zone.
15:23 of 3rd period - Shot by Dan Boyle.
15:23 of 3rd period - Shot Hit the Post.
15:49 of 3rd period - Minor Penalty to Craig Adams for Delaying the game.
15:50 of 3rd period - Matt Duchene wins face-off versus Pierre-Marc Bouchard in Kings zone.
15:50 of 3rd period - Matt Duchene is hit by Pierre-Marc Bouchard.
16:02 of 3rd period - Shot by Jack Johnson.
16:02 of 3rd period - Stopped by Nikolai Khabibulin without a rebound.
16:03 of 3rd period - Sean Bergenheim wins face-off versus Pierre-Marc Bouchard in Kings zone.
16:03 of 3rd period - Sean Bergenheim is hit by Joffrey Lupul.
16:55 of 3rd period - Shot by Anze Kopitar.
16:55 of 3rd period - Shot Misses the Net.
16:57 of 3rd period - Shot by Dan Boyle.
16:57 of 3rd period - Stopped by Nikolai Khabibulin without a rebound.
16:58 of 3rd period - John Tavares wins face-off versus Michael Frolik in Kings zone.
17:58 of 3rd period - Shot by Marco Sturm.
17:58 of 3rd period - Stopped by Nikolai Khabibulin with a rebound.
18:08 of 3rd period - Shot by Craig Conroy.
18:08 of 3rd period - Shot Misses the Net.
18:10 of 3rd period - Shot by Darroll Powe.
18:10 of 3rd period - Shot Blocked by Rostislav Olesz.
18:12 of 3rd period - Shot by Craig Adams.
18:12 of 3rd period - Shot Misses the Net.
18:16 of 3rd period - Shot by Michael Del Zotto.
18:16 of 3rd period - Stopped by Miikka Kiprusoff without a rebound.
18:17 of 3rd period - Matt Duchene wins face-off versus Anze Kopitar in Flames zone.
18:30 of 3rd period - Shot by Michael Frolik.
18:30 of 3rd period - Shot Misses the Net.
18:32 of 3rd period - Shot by Michael Frolik.
18:32 of 3rd period - Shot Misses the Net.
18:34 of 3rd period - Shot by Jamie McBain.
18:34 of 3rd period - Shot Misses the Net.
18:36 of 3rd period - Shot by Sean Bergenheim.
18:36 of 3rd period - Deflect By Matt Duchene.
18:36 of 3rd period - Stopped by Miikka Kiprusoff without a rebound.
18:37 of 3rd period - Rob Schremp wins face-off versus Darroll Powe in Flames zone.
19:58 of 3rd period - Joffrey Lupul is hit by Martin Skoula and loses puck.


Output by the SimonT Hockey Simulator (STHS) for Stephane Roy -- Original Page W3C XHTML 1.0 Valid